 Dungeon Crawl Stone Soup version 0.28-a0-1567-g1695149f81 (webtiles) character file.

Game seed: 12747967991357752907

82403 comborobin the Brawler (level 15, 0/140 HPs)
             Began as a Troll Cinder Acolyte on Jan 20, 2022.
             Was the Champion of Cheibriados.
             Slain by a boulder beetle (25 damage)
             ... on level 14 of the Dungeon.
             The game lasted 00:27:36 (20846 turns).

comborobin the Brawler (Troll Cinder Acolyte)      Turns: 20846, Time: 00:27:37

Health: 0/140      AC:  9    Str: 42    XL:     15   Next: 29%
Magic:  25/27      EV: 16    Int: 29    God:    Cheibriados [******]
Gold:   2137       SH: 25    Dex: 27    Spells: 16/19 levels left

rFire   + + +      SeeInvis +     - Unarmed
rCold   . . .      Faith    .   O - +0 tower shield
rNeg    . . .      Spirit   .   p - +0 troll leather armour
rPois   .          Reflect  +   c - +1 hat of Too Many Cooks {rF+ Will+ rCorr Int+3}
rElec   .          Harm     .   g - +0 cloak {Will+}
rCorr   +          Rampage  .   (gloves unavailable)
Will    +++..                   (boots unavailable)
Stlth   ++........              k - amulet of reflection
HPRegen 1.93/turn               s - ring of see invisible
MPRegen 0.20/turn               D - ring of the Octopus King {MP+9 AC+1 EV+1 Str+1 Int+1 Dex+1}

@: very slow
A: large, unfitting armour, claws 3, regeneration 1, shaggy fur 1, tough skin 1,
fire resistance 2, sturdy frame 1
a: Renounce Religion, Bend Time, Temporal Distortion, Slouch, Step From Time


You were on level 14 of the Dungeon.
You worshipped Cheibriados.
Cheibriados was exalted by your worship.
You visited 3 branches of the dungeon, and saw 22 of its levels.

You collected 2257 gold pieces.
You spent 120 gold pieces at shops.

Inventory:

Hand Weapons
 b - a +3 scimitar of flaming
 n - the +6 falchion "Dydaergh" {drain, rF+}
   (You found it on level 7 of the Dungeon)

   A truly terrible weapon, it drains the life of any living foe it strikes.
   rF:        It protects you from fire.
 z - the +4 whip of Huucuuce {drain, Str+4 Int+2}
   (You found it on level 12 of the Dungeon)

   A truly terrible weapon, it drains the life of any living foe it strikes.
   Str:       It affects your strength (+4).
   Int:       It affects your intelligence (+2).
Missiles
 i - 6 silver javelins (quivered)
 t - 21 large rocks
Armour
 a - a +0 robe
 c - the +1 hat of Too Many Cooks (worn) {rF+ Will+ rCorr Int+3}
   (You acquired it on level 3 of the Dungeon)

   Int:       It affects your intelligence (+3).
   rF:        It protects you from fire.
   rCorr:     It protects you from acid and corrosion.
   Will:      It increases your willpower.
 e - a +2 robe of cold resistance
 g - a +0 cloak of willpower (worn)
 p - a +0 troll leather armour (worn)
 v - a scarf of harm
 M - +2 steam dragon scales
 O - a +0 tower shield (worn)
Jewellery
 f - a ring of protection from fire
 k - an amulet of reflection (around neck)
 m - the ring of Loffutz {rPois MP-9 Str+6 Slay+2 SInv}
   (You found it on level 11 of the Dungeon)

   [ring of strength]

   Str:       It affects your strength (+6).
   Slay:      It affects your accuracy & damage with ranged weapons and melee
   (+2).
   rPois:     It protects you from poison.
   MP:        It affects your magic capacity (-9).
   SInv:      It lets you see invisible.
 s - a ring of see invisible (left claw)
 C - an amulet of the acrobat
 D - a ring of the Octopus King (right claw) {MP+9 AC+1 EV+1 Str+1 Int+1 Dex+1}
   (You found it on level 1 of the Lair of Beasts)

   [ring of magical power]

   AC:        It affects your AC (+1).
   EV:        It affects your evasion (+1).
   Str:       It affects your strength (+1).
   Int:       It affects your intelligence (+1).
   Dex:       It affects your dexterity (+1).
   MP:        It affects your magic capacity (+9).
 F - a ring of magical power
 Q - a ring of resist corrosion
Wands
 o - a wand of polymorph (2)
 q - a wand of flame (73)
 r - a wand of iceblast (13)
 w - a wand of digging (7)
 J - a wand of paralysis (6)
 P - a wand of mindburst (21)
Scrolls
 d - 20 scrolls of identify
 h - 3 scrolls of enchant armour {unknown}
 l - 4 scrolls of enchant weapon
 y - 2 scrolls of magic mapping
 E - a scroll of amnesia
 I - 2 scrolls of vulnerability {unknown}
 N - 5 scrolls of immolation
 R - 4 scrolls of teleportation
 U - a scroll of fear
Potions
 j - 3 potions of attraction
 u - 4 potions of flight
 A - 2 potions of curing
 B - a potion of cancellation
 H - a potion of brilliance {unknown}
 K - a potion of magic
 S - 2 potions of lignification {unknown}
 T - 2 potions of heal wounds
 V - 3 potions of mutation
Miscellaneous
 x - a phial of floods (inert)


   Skills:
 - Level 7.4 Fighting
 - Level 8.4 Throwing
 - Level 8.0 Dodging
 + Level 10.3 Shields
 - Level 17.2 Unarmed Combat
 + Level 2.9 Spellcasting
 + Level 4.9 Translocations
 - Level 2.7 Fire Magic
 - Level 5.0 Invocations


You had 16 spell levels left.
You knew the following spells:

 Your Spells              Type           Power      Damage    Failure   Level
n - Portal Projectile     Hex/Tloc       36%        N/A       34%         3

Your spell library contained the following spells:

 Spells                   Type           Power      Damage    Failure   Level
 Scorch                   Fire           40%        2d7       16%         2
 Foxfire                  Conj/Fire      48%        2x1d6     19%         1
 Passage of Golubria      Tloc           33%        N/A       38%         4
 Static Discharge         Conj/Air       4%         N/A       43%         2
 Conjure Flame            Conj/Fire      12%        6-21      47%         3
 Inner Flame              Hex/Fire       12%        N/A       47%         3
 Call Canine Familiar     Summ           4%         N/A       67%         3
 Tukima's Dance           Hex            4%         N/A       67%         3
 Flame Wave               Conj/Fire      12%        2d5       87%         4
 Sticky Flame             Conj/Fire      12%        2d4       87%         4
 Dispel Undead            Necr           4%         3d7       97%         4
 Leda's Liquefaction      Hex/Erth       2%         N/A       97%         4
 Dispersal                Tloc           16%        N/A       99%         6
 Yara's Violent Unravell  Hex/Tmut       2%         3d3       100%        5
 Disjunction              Tloc           16%        N/A       100%        8


Dungeon Overview and Level Annotations

Branches:
Dungeon (15/15)            Temple (1/1) D:6            Lair (6/6) D:8
 Shoals (0/4) Lair:3        Snake (0/4) Lair:2        Slime (0/5) Lair:6
    Orc (0/2) D:10         Vaults (0/5) D:13
 Depths: D:15

Altars:
Ashenzari
Cheibriados
Dithmenos
Elyvilon
Fedhas
Gozag
Hepliaklqana
Kikubaaqudgha
Makhleb
Nemelex Xobeh
Okawaru
Qazlal
Ru
Sif Muna
Uskayaw
Vehumet
Xom
Yredelemnul
Zin
The Shining One

Shops:
D:1 (   D:6 *!!   D:9 (

Annotations:
Lair:2 3 runed translucent doors, exclusion: oklob plant, croobank's ghost, journeyman DrTm


Innate Abilities, Weirdness & Mutations

You are too large for most types of armour.
You have claws for hands.
Your natural rate of healing is unusually fast.
You are covered in fur. (AC +1)
You have tough skin. (AC +1)
Your flesh is very heat resistant. (rF++)
Your movements are slightly less encumbered by armour. (ER -2)


Message History

The death knight hits you with a +2 broad axe!
The death knight hits your cyclops with a +2 broad axe!!
The death knight hits your boulder beetle but does no damage.
The death knight hits your boggart with a +2 broad axe!!
Your boggart dies!
Your boggart dissolves into shadows!
Your cyclops dissolves into shadows!
The centaur warrior shoots an arrow.
The arrow hits you! You block the death knight's attack.
The death knight hits your boulder beetle with a +2 broad axe!
The boulder beetle curls into a ball and begins rolling!
Your boulder beetle bites the death knight!!
The death knight dies!
Cheibriados thoroughly appreciates the change of pace.
You see here a +2 vampiric falchion.
The centaur warrior shoots an arrow.
The arrow hits you!!
The centaur warrior shoots an arrow.
You reflect the arrow off an invisible shield around you!
The arrow hits the centaur warrior!!
Your boggart mumbles some strange words.
Your boggart flickers and vanishes for a moment.
The boulder beetle hits you!!!
* * * LOW HITPOINT WARNING * * *
The boulder beetle stops rolling and uncurls.
The deep elf zephyrmancer gestures wildly while chanting.
The deep elf zephyrmancer blinks!
Your boulder beetle curls into a ball and begins rolling!
You hear a roar! x2
Items here: )) [ †.
Okay, then.
Unknown command.
You swap places.
The boulder beetle curls into a ball and begins rolling!
Your boggart hits the centaur warrior but does no damage.
The centaur warrior shoots an arrow.
The arrow hits your boggart!!
Your boggart dies!
Your boggart dissolves into shadows!
Your boulder beetle hits the centaur warrior.
Your boulder beetle stops rolling and uncurls.
The boulder beetle hits you!!
You die...

##+######## ######....##..(#
...............#
.).............#
........(......#
.....oD.D○.....#
.....#+##.####'######
.###...#.##.###..##...# .
............○B@..'...#
c.#.#.........cB...#[..#
.............(...#...#
.D.....##..##..##(### ####
#....#
#..##..##...####..####
#...##...#...#.........^..(>
. ## #.u#
#...#...'............).
c##.##..#
##..##.###....###..##+#
...°.#..# ###
#####....###..##..


You could see a boulder beetle (rolling), a centaur warrior (ally target) and a
friendly boulder beetle (summoned).

Vanquished Creatures
  Frances (D:13)
  Gastronok (D:8)
  Snorg (Lair:6)
  2 vault guards (D:13)
  5 hydras
  4 centaur warriors (D:14)
  3 death yaks (Lair:3)
  6 two-headed ogres
  Urug (D:10)
  An obsidian statue (D:11)
  A wizard (D:14)
  An orc knight (D:14)
  A lindwurm (Lair:6)
  2 deep elf pyromancers
  7 cyclopes
  A cyclops (shapeshifter) (D:14)
  7 ugly things
  3 manticores
  A merfolk siren (Lair:3)
  12 elephants
  3 black mambas
  Maurice (D:10)
  9 cane toads
  2 gargoyles (D:12)
  4 unseen horrors
  7 rime drakes
  9 komodo dragons
  2 kobold demonologists
  A freezing wraith (D:14)
  A tengu conjurer (D:14)
  6 trolls
  6 polar bears
  A meliai (shapeshifter) (D:14)
  24 blink frogs
  6 hornets
  17 slime creatures
  6 dream sheep
  A ynoxinul (D:14)
  14 spriggans (Lair:6)
  2 shadows
  3 wraiths
  3 vampires
  2 wyverns
  18 humans
  50 yaks
  16 fire elementals
  14 basilisks
  6 vampire mosquitoes
  A steam dragon (D:8)
  2 wargs (D:8)
  An acid dragon (D:12)
  17 water moccasins
  12 orc warriors
  Duvessa (D:4)
  5 black bears
  An ice beast (D:6)
  A hornet zombie (D:5)
  3 boggarts (Lair:6)
  5 ogres
  27 wolves
  14 centaurs
  A phantom (D:7)
  7 kobold brigands
  10 bullfrogs
  3 gnoll sergeants
  A scorpion (D:6)
  A wyvern skeleton (D:7)
  Dowan (D:4)
  17 killer bees
  7 wights
  5 howler monkeys
  3 centaur zombies
  3 jellies
  10 orc priests
  A centaur skeleton (D:6)
  3 hounds (D:7)
  Crazy Yiuf (D:2)
  Terence (D:3)
  A scorpion zombie (D:5)
  3 iguanas
  12 orc wizards
  4 hell rats (Lair:2)
  A howler monkey zombie (D:11)
  14 gnolls
  8 adders
  8 river rats (Lair:2)
  3 white imps (D:8)
  An adder zombie (D:5)
  2 adder skeletons (D:4)
  5 worms
  A dart slug (D:2)
  45 orcs
  An endoplasm (D:4)
  5 giant cockroaches
  10 goblins
  13 hobgoblins
  22 jackals
  4 quokkas
  9 ball pythons
  5 bats
  3 frilled lizards
  18 kobolds
  13 rats
  A butterfly (Lair:5)
672 creatures vanquished.

Vanquished Creatures (collateral kills)
  A death knight (D:14)
1 creature vanquished.

Vanquished Creatures (others)
  22 foxfires (D:10)
  49 fungi
  44 plants
115 creatures vanquished.

Grand Total: 788 creatures vanquished

Notes
Turn   | Place    | Note
-------+----------+-------------------------------------------
     0 | D:1      | comborobin the Troll Cinder Acolyte began the quest for the
                  | Orb.
     0 | D:1      | Reached XP level 1. HP: 22/22 MP: 1/1
    82 | D:1      | Reached XP level 2. HP: 18/29 MP: 2/2
   273 | D:1      | Found Looc's Weapon Boutique.
   465 | D:2      | Found a runed translucent door.
   466 | D:2      | Noticed Crazy Yiuf
   497 | D:2      | Reached XP level 3. HP: 36/36 MP: 3/3
   530 | D:2      | Killed Crazy Yiuf
   686 | D:3      | Identified a scroll of acquirement
   686 | D:3      | Acquired the +1 hat of Too Many Cooks {rF+ Will+ rCorr
                  | Int+3}
   690 | D:3      | Reached XP level 4. HP: 44/44 MP: 5/5
   882 | D:5      | Entered Level 5 of the Dungeon
   912 | D:5      | Reached skill level 4 in Unarmed Combat
   912 | D:5      | Reached XP level 5. HP: 30/53 MP: 6/6
  1017 | D:6      | Noticed a water moccasin
  1028 | D:6      | Killed a water moccasin
  1029 | D:6      | Reached skill level 5 in Unarmed Combat
  1029 | D:6      | Reached XP level 6. HP: 26/61 MP: 7/7
  1271 | D:6      | Reached skill level 6 in Unarmed Combat
  1378 | D:6      | Noticed an ice beast
  1379 | D:6      | Found a staircase to the Ecumenical Temple.
  1385 | D:6      | Killed an ice beast
  1386 | D:6      | Reached skill level 7 in Unarmed Combat
  1386 | D:6      | Reached XP level 7. HP: 67/67 MP: 8/8
  1522 | D:6      | Noticed a two-headed ogre
  1532 | D:6      | Killed a two-headed ogre
  1533 | D:6      | Reached skill level 9 in Unarmed Combat
  1533 | D:6      | Reached XP level 8. HP: 58/75 MP: 9/9
  1910 | D:6      | Found Romaxt's Distillery.
  2023 | D:7      | Reached skill level 10 in Unarmed Combat
  2184 | D:7      | Found a radiant altar of Vehumet.
  2365 | D:8      | Reached skill level 11 in Unarmed Combat
  2382 | D:8      | Found a staircase to the Lair.
  2394 | D:8      | Reached XP level 9. HP: 39/81 MP: 10/10
  2528 | D:7      | Reached skill level 12 in Unarmed Combat
  2555 | D:7      | Reached skill level 13 in Unarmed Combat
  2585 | D:7      | Reached skill level 14 in Unarmed Combat
  2585 | D:7      | Reached XP level 10. HP: 87/91 MP: 11/11
  2593 | D:7      | Identified the +6 falchion "Dydaergh" {drain, rF+}
  2728 | D:7      | Found an ancient bone altar of Kikubaaqudgha.
  2804 | D:7      | Found a blossoming altar of Fedhas.
  3096 | D:8      | Noticed Gastronok
  3116 | D:8      | Killed Gastronok
  3117 | D:8      | Reached skill level 15 in Unarmed Combat
  3775 | D:9      | Reached skill level 1 in Dodging
  4452 | D:10     | Entered Level 10 of the Dungeon
  4474 | D:10     | Found a staircase to the Orcish Mines.
  4568 | D:10     | Reached XP level 11. HP: 71/97 MP: 12/12
  4784 | D:10     | Paralysed by a hornet for 1 turns
  4985 | D:10     | Noticed Maurice
  4996 | D:10     | Killed Maurice
  5038 | D:10     | Noticed Urug
  5048 | D:10     | Killed Urug
  5049 | D:10     | Reached skill level 5 in Dodging
  5049 | D:10     | Reached skill level 16 in Unarmed Combat
  5094 | D:10     | Noticed a white ugly thing
  5106 | D:10     | Killed a white ugly thing
  5351 | D:11     | Identified the +1 pair of gloves of the Chupacabra {rElec
                  | rN+ Str+3 Int+3}
  5373 | D:11     | Noticed a two-headed ogre
  5480 | D:9      | Killed a two-headed ogre
  5711 | D:11     | Gained mutation: You sometimes lose the ability to read
                  | scrolls when taking damage. [potion of mutation]
  5711 | D:11     | Gained mutation: You are strong-willed. (Will+) [potion of
                  | mutation]
  5711 | D:11     | Gained mutation: You expend magic power (3 MP) to
                  | strengthen your wands. [potion of mutation]
  5804 | D:11     | Reached skill level 5 in Fighting
  5907 | D:12     | Noticed a brown ugly thing
  5919 | D:12     | Killed a brown ugly thing
  6081 | D:12     | Reached XP level 12. HP: 85/111 MP: 13/13
  6194 | D:12     | Noticed a two-headed ogre
  6203 | D:12     | Killed a two-headed ogre
  6420 | D:12     | Reached skill level 17 in Unarmed Combat
  6444 | D:12     | Identified the +4 whip of Huucuuce {drain, Str+4 Int+2}
  6875 | D:12     | Noticed a seven-headed hydra
  6905 | D:12     | Noticed a two-headed ogre
  6909 | D:12     | Killed a two-headed ogre
  7083 | D:13     | Reached skill level 1 in Throwing
  7158 | D:13     | Found a shadowy altar of Dithmenos.
  7418 | D:13     | Reached skill level 5 in Throwing
  7666 | D:13     | Noticed a two-headed ogre
  7675 | D:13     | Killed a two-headed ogre
  7703 | D:13     | Noticed a vault guard
  7704 | D:13     | Noticed a vault guard
  7735 | D:13     | Killed a vault guard
  7736 | D:13     | Reached XP level 13. HP: 105/124 MP: 14/14
  7851 | D:13     | Found a gate to the Vaults.
  8147 | D:15     | Entered Level 15 of the Dungeon
  8371 | D:14     | Noticed Frances
  8706 | Temple   | Entered the Ecumenical Temple
  8818 | Temple   | Fell from the grace of Ignis
  8818 | Temple   | Became a worshipper of Cheibriados the Contemplative
  9377 | D:1      | Lost mutation: You sometimes lose the ability to read
                  | scrolls when taking damage. [potion of mutation]
  9377 | D:1      | Lost mutation: You are strong-willed. (Will+) [potion of
                  | mutation]
  9377 | D:1      | Lost mutation: You expend magic power (3 MP) to strengthen
                  | your wands. [potion of mutation]
  9377 | D:1      | Gained mutation: You have hidden genetic potential. [potion
                  | of mutation]
  9377 | D:1      | Gained mutation: Your flesh is heat resistant. (rF+)
                  | [potion of mutation]
  9561 | D:1      | Found a faded altar of an unknown god.
  9585 | D:1      | Reached * piety under Cheibriados
 10356 | D:3      | Found a glowing golden altar of the Shining One.
 10430 | D:3      | Noticed Terence
 10433 | D:3      | Killed Terence
 10441 | D:3      | Reached ** piety under Cheibriados
 10682 | D:3      | Found a shimmering blue altar of Sif Muna.
 10767 | D:4      | Noticed Duvessa
 10767 | D:4      | Noticed Dowan
 10770 | D:4      | Killed Dowan
 10772 | D:4      | Killed Duvessa
 11738 | D:5      | You fall into a shaft and drop 2 floors!
 12115 | D:5      | Learned a level 3 spell: Portal Projectile
 12239 | D:6      | Found Cuceuvy's Assorted Antiques.
 12239 | D:6      | Found Wobypt's Distillery.
 12778 | D:9      | Found a burning altar of Makhleb.
 12852 | D:9      | Reached *** piety under Cheibriados
 12934 | D:9      | Reached skill level 1 in Invocations
 13060 | D:9      | Found Fesorph's Weapon Boutique.
 13631 | D:11     | Reached skill level 1 in Translocations
 13649 | D:11     | Identified the ring of Loffutz {rPois MP-9 Str+6 Slay+2
                  | SInv}
 14156 | D:14     | Reached **** piety under Cheibriados
 14157 | D:14     | Reached skill level 1 in Shields
 14199 | D:14     | Acquired 866 gold pieces
 14296 | D:14     | Identified the +2 ring mail "Ythrue" {Harm rC+}
 14504 | Lair:1   | Entered Level 1 of the Lair of Beasts
 14647 | Lair:1   | Found a hazy altar of Hepliaklqana.
 14809 | Lair:1   | Found the ring of the Octopus King
 14817 | Lair:1   | Identified a ring of the Octopus King {MP+9 AC+1 EV+1 Str+1
                  | Int+1 Dex+1}
 15193 | Lair:2   | Found a runed translucent gate.
 15193 | Lair:2   | Found a runed translucent gate.
 15193 | Lair:2   | Found a runed translucent gate.
 15198 | Lair:2   | Noticed croobank's ghost (journeyman DrTm)
 15207 | Lair:2   | Found a staircase to the Snake Pit.
 15443 | Lair:2   | Reached ***** piety under Cheibriados
 15706 | Lair:2   | Reached XP level 14. HP: 78/133 MP: 15/15
 16291 | Lair:3   | Reached skill level 5 in Shields
 16411 | Lair:3   | Was forgiven by Ignis
 16830 | Lair:3   | Found a staircase to the Shoals.
 17047 | Lair:4   | Gained mutation: Your flesh is very heat resistant. (rF++)
                  | [hidden potential]
 17549 | Lair:4   | Reached ****** piety under Cheibriados
 18401 | Lair:5   | Reached skill level 5 in Invocations
 18962 | Lair:6   | Entered Level 6 of the Lair of Beasts
 19138 | Lair:6   | Noticed Snorg
 19152 | Lair:6   | Killed Snorg
 19444 | Lair:6   | Found a staircase to the Slime Pits.
 19492 | Lair:6   | Reached XP level 15. HP: 140/140 MP: 17/17
 19677 | Lair:6   | Reached skill level 10 in Shields
 20191 | Lair:6   | Gained mutation: Your movements are slightly less
                  | encumbered by armour. (ER -2) [hidden potential]
 20191 | Lair:6   | Lost mutation: You have hidden genetic potential. [hidden
                  | potential expressed]
 20437 | D:6      | Bought a potion of mutation for 120 gold pieces
 20768 | D:13     | Killed Frances
 20846 | D:14     | Slain by a boulder beetle

Illustrated notes

Levels and vault maps discovered:
D:1:      wander_arrival_fairy_ring, layout_basic, serial_aquarium,
          aquarium_bridge_square [aquarium_subvault_bridge,
          aquarium_subvault_bridge, aquarium_subvault_window,
          aquarium_subvault_bridge], aquarium_window_2, aquarium_window_1,
          aquarium_view_2d, aquarium_pool_1,
          shapermc_ecumenical_altar_notcrosses, serial_shops, shop,
          minmay_misc_feat_room, minmay_unequal
D:2:      layout_loops_cross, hangedman_abyss_or_decor_lesser_grid,
          uniq_crazy_yiuf_cottage
D:3:      layout_basic, led_sif_pool, tso_metal_star, uniq_terence
D:4:      layout_basic, minmay_statues_item, minmay_misc_feat_doors,
          uniq_duvessa
D:5:      layout_rooms
D:6:      layout_layer_cave, minmay_temple_entry_offerings,
          nicolae_wooded_promenade
D:7:      erik_cavepeople, layout_rooms, kennysheep_little_box,
          lemuel_crystal_altar, overflow_temple_1_default, grunt_ministairs_6
D:8:      layout_basic, erik_lair_orcish_takeover, uniq_gastronok
D:9:      layout_loops_corners, bloody_makhleb, serial_shops,
          nicolae_shop_waterfront
D:10:     layout_loops_cross, kennysheep_orc_monster_closet_entryway,
          eino_tiny_chamber, nicolae_figureground_pulse, uniq_urug, uniq_maurice
D:11:     layout_roguey, minmay_protected_statue
D:12:     layout_stronghold, st_stairs_5, grunt_ministairs_8,
          kennysheep_kite_vault
D:13:     layout_basic, ximxim_vaults_locker_room,
          nicolae_dithmenos_through_a_glass_darkly
D:14:     layout_gridville, chequers_serial_rivers_micro_b,
          minmay_the_grid_square_5x5_3x3_mashed
          [minmay_the_grid_square_5x5_three,
          minmay_the_grid_square_5x5_beaten_path,
          minmay_the_grid_square_5x5_two_walls_a,
          minmay_the_grid_square_5x5_slash,
          minmay_the_grid_square_5x5_megaprize_open,
          minmay_the_grid_square_5x5_bracketed,
          minmay_the_grid_square_5x5_tri_point,
          minmay_the_grid_square_5x5_seven, minmay_the_grid_square_5x5_meh],
          uniq_frances
D:15:     grunt_enter_depths_hoard, layout_cave_pools, minivault_15,
          chei_slow_surprise, uniq_rupert
Temple:   eino_temple_rhombus
Lair:1:   layout_chaotic_city, basic_altar, lemuel_fruit_fields
Lair:2:   layout_regular_city, dummy_snake_entry, ebering_ghost_rock_garden,
          minmay_lair_oklob_bushes, kennysheep_abandoned_house
Lair:3:   layout_regular_city, minmay_shoals_entry_lonely_mermaid,
          lemuel_fruit_tree
Lair:4:   layout_cave_pods, kennysheep_basilisk_garden
Lair:5:   layout_cave_pods, grunt_megastairs_4, lemuel_fruit_fields
Lair:6:   minmay_lair_end_enchanted_forest, layout_loops_ring,
          minmay_slime_entry_pillars, grunt_megastairs_1, uniq_snorg

Skill      XL: |  1  2  3  4  5  6  7  8  9 10 11 12 13 14 15 |
---------------+----------------------------------------------+-----
Fighting       | 3 5 7 |  7.4
Unarmed Combat | 4 5 7 9 11 14 15 16 17 | 17.2
Dodging        | 4 6 7 8 |  8.0
Throwing       | 6 8 |  8.4
Invocations    | 2 5 |  5.0
Translocations | 3 4 |  4.9
Shields        | 4 9 10 | 10.3
Spellcasting   | 2 |  2.9
Fire Magic     | |  2.7

Action                   |  1- 3 |  4- 6 |  7- 9 | 10-12 | 13-15 || total
-------------------------+-------+-------+-------+-------+-------++-------
Melee: Unarmed           |    61 |    92 |   141 |   601 |  1099 ||  1994
       Punch             |       |     3 |    12 |    54 |    36 ||   105
       Scimitar          |       |       |       |       |    22 ||    22
Throw: Javelin           |       |       |     6 |     2 |     1 ||     9
       Large rock        |       |       |       |       |    15 ||    15
       Throwing net      |       |       |       |       |     1 ||     1
 Cast: Portal Projectile |       |       |       |       |     5 ||     5
Invok: Fiery Armour      |     1 |       |     3 |     3 |       ||     7
       Rising Flame      |       |       |     1 |       |       ||     1
       Foxfire Swarm     |       |       |       |     1 |       ||     1
       Slouch            |       |       |       |       |     6 ||     6
       Temporal Distorti |       |       |       |       |     1 ||     1
Evoke: Wand              |       |       |       |       |     6 ||     6
       Phial of floods   |       |       |       |       |     1 ||     1
  Use: Scroll            |     2 |       |       |     7 |    11 ||    20
       Potion            |       |     2 |     1 |     3 |    12 ||    18
 Stab: Paralysed         |       |       |       |       |     4 ||     4
       Sleeping          |       |       |       |       |     3 ||     3
       Held in net/web   |       |       |       |       |     1 ||     1
Armor: Robe              |    17 |    45 |    45 |    17 |       ||   124
       Steam dragon scal |       |       |       |    24 |       ||    24
       Troll leather arm |       |       |       |   115 |   278 ||   393
Dodge: Dodged            |    26 |    47 |    39 |   194 |   484 ||   790
Block: Other             |       |       |    24 |   101 |    80 ||   205
       Reflection        |       |       |     1 |    10 |    24 ||    35
       Tower shield      |       |       |       |       |   948 ||   948

Table legend: (Time is in decaauts)
 A = Elapsed time spent in this place.
 B = Non-inter-level travel time spent in this place.
 C = Inter-level travel time spent in this place.
 D = Time resting spent in this place.
 E = Time spent auto-exploring this place.
 F = Levels seen in this place.
 G = Mean time per level.
                   A        B        C        D        E       F      G
               +--------+--------+--------+--------+--------+-----+--------+
         Total |  27504 |  24169 |   3335 |   1271 |  18199 |  22 | 1250.2 |
       Dungeon |  17351 |  14597 |   2754 |   1072 |  10432 |  15 | 1156.7 |
        Temple |    132 |     89 |     43 |      0 |     78 |   1 |  132.0 |
          Lair |  10020 |   9484 |    536 |    199 |   7689 |   6 | 1670.0 |
               +--------+--------+--------+--------+--------+-----+--------+

Top non-repeatable levels by time:
  Lair:6: 2240 daAuts
     D:6: 2001 daAuts
  Lair:4: 1929 daAuts
  Lair:2: 1642 daAuts
     D:4: 1618 daAuts
  Lair:3: 1580 daAuts
  Lair:5: 1556 daAuts
     D:9: 1545 daAuts
    D:10: 1415 daAuts
    D:12: 1331 daAuts
     D:1: 1305 daAuts
    D:13: 1285 daAuts
    D:11: 1204 daAuts
     D:8: 1201 daAuts
     D:2: 1107 daAuts
